 Dungeon Crawl Stone Soup version 0.31-a0-675-g238779eb0a (webtiles) character file.

Game seed: 16479991493028932426

14488 avis the Mimic (level 11, -17/47 HPs)
             Began as a Felid Shapeshifter on Sept 4, 2023.
             Was an Initiate of Gozag.
             Killed from afar by a rime drake (31 damage)
             ... with an icy flash freeze
             ... on level 2 of the Lair of Beasts on Sept 6, 2023.
             The game lasted 01:18:24 (13574 turns).

avis the Mimic (Felid Shapeshifter)                Turns: 13574, Time: 01:18:24

Health: -17/47     AC:  6    Str: 12    XL:     11   Next: 89%
Magic:  12/12      EV: 29    Int: 12    God:    Gozag
Gold:   1859       SH:  0    Dex: 18    Spells: 10/10 levels left
                                        Lives:  0   Deaths: 4

rFire   . .          .
                       - Unarmed
rCold   . . .        (shield unavailable)
rNeg    . . .        (body armour unavailable)
rPois   .            (helmet unavailable)
rElec   .            (cloak unavailable)
rCorr   .            (gloves unavailable)
SInv    +            (boots unavailable)
Will    +....        I - amulet of magic regeneration
Stlth   ++           u - +4 ring of protection
HPRegen 0.27/turn    f - +5 ring of evasion
MPRegen 0.53/turn

%: no passive effects
@: flux-form, glowing, quick
A: glow, contaminating, very small, claws 1, fangs 3, see invisible, speed 1,
shaggy fur 2, stealthy paws, no weapons or thrown items, no armour, multi-lived
a: Begin Untransformation, Renounce Religion, Potion Petition, Call Merchant,
Bribe Branch


You were on level 2 of the Lair of Beasts.
You worshipped Gozag.
Gozag was most pleased with you.
You were something dangerously unstable.
You visited 3 branches of the dungeon, and saw 13 of its levels.
You also visited: Gauntlet.

You collected 2205 gold pieces.
You spent 212 gold pieces at shops.
You paid 134 gold pieces to Gozag.

Inventory:

Jewellery
 f - a +5 ring of evasion (right paw)
 k - a ring of wizardry
 l - a ring of protection from fire
 m - a ring of willpower
 q - a +6 ring of intelligence
 s - a ring of wizardry
 t - a +6 ring of strength
 u - a +4 ring of protection (left paw)
 D - a ring of ice
 G - a +6 ring of dexterity
 I - an amulet of magic regeneration (around neck)
Talismans
 b - a beast talisman
 c - a flux talisman (active)
Wands
 d - a wand of flame (11)
 p - a wand of roots (5)
 r - a wand of light (7)
 C - a wand of mindburst (23)
 F - a wand of paralysis (6)
Scrolls
 a - a scroll of silence
 e - 4 scrolls of fog
 g - 2 scrolls of fear
 h - 6 scrolls of teleportation {unknown}
 i - a scroll of revelation
 j - 5 scrolls of enchant weapon {unknown}
 n - 2 scrolls of poison
 o - 6 scrolls of amnesia {unknown}
 v - 4 scrolls of blinking
Potions
 w - 4 potions of enlightenment
 x - 4 potions of lignification
 z - 3 potions of curing
 E - 2 potions of brilliance
 J - a potion of might
Miscellaneous
 B - a sack of spiders


   Skills:
 - Level 5.0 Fighting
 - Level 10.0 Dodging
 - Level 8.0 Stealth
 - Level 10.0 Unarmed Combat
 - Level 4.0 Evocations
 * Level 13.2 Shapeshifting


You had 10 spell levels left.
You didn't know any spells.
Your spell library contained the following spells:

 Spells                   Type           Power      Damage    Failure   Level
 Apportation              Tloc           0%         N/A       32%         1
 Necrotise                Necr           0%         1d4       32%         1
 Sandblast                Erth           0%         2d4       32%         1
 Summon Small Mammal      Summ           0%         N/A       32%         1
 Passwall                 Tmut/Erth      0%         N/A       45%         2
 Stone Arrow              Conj/Erth      0%         3d7       69%         3
 Vampiric Draining        Necr           0%         2d6       69%         3
 Agony                    Necr           0%         N/A       100%        5


Dungeon Overview and Level Annotations

Branches:
Dungeon (10/15)            Temple (1/1) D:7            Lair (2/5) D:10
 Spider (0/4) Lair:2      Gauntlet (visited)
  Swamp: Lair:2-3    Shoals: Lair:2-3       Orc: D:9-12

Altars:
Ashenzari
Cheibriados
Dithmenos
Elyvilon
Fedhas
Gozag
Hepliaklqana
Kikubaaqudgha
Makhleb
Nemelex Xobeh
Okawaru
Qazlal
Ru
Sif Muna
Trog
Uskayaw
Vehumet
Wu Jian
Xom
Yredelemnul
Zin
The Shining One

Shops:
D:6 :   D:7 *

Annotations:
D:8 2 transporters


Innate Abilities, Weirdness & Mutations

You are something dangerously unstable.
You glow with magical radiation, making you easy to see and hit.
Foes you strike become dangerously contaminated with magical radiation.
You have sharp claws.
You have razor-sharp teeth.
You have supernaturally acute eyesight. (SInv)
You cover ground quickly. (Speed+)
You are covered in thick fur. (AC +2)
Your paws help you pounce on unaware monsters.
You are incapable of wielding weapons or throwing items.
You cannot wear armour.
You gain extra lives every three experience levels.


Message History

The bullfrog misses you.
You scratch the bullfrog.
The bullfrog glows dangerously bright.
The bullfrog is severely wounded.
The bullfrog completely misses you.
You scratch the bullfrog but do no damage.
The bullfrog shudders as magic cascades through it!!
You kill the bullfrog!
You now have 1859 gold pieces (gained 7).
As you open the door, it creaks loudly!
There is an open door here.
Could not explore, unopened door.
There is an open door here.
A rime drake comes into view.
The rime drake hisses angrily.
The rime drake breathes ice at you. The icy flash freeze hits you!
You are encased in ice.
The ice encasing you melts away. The rime drake breathes ice at you.
The icy flash freeze misses you. The rime drake breathes ice at you.
The icy flash freeze hits you!!
* * * LOW HITPOINT WARNING * * *
You are encased in ice.
The rime drake barely misses you.
You completely miss the rime drake. The rime drake completely misses you.
You closely miss the rime drake. The ice encasing you melts away.
The rime drake misses you.
You scratch the rime drake.
The rime drake begins to glow.
The rime drake is lightly wounded.
The rime drake completely misses you.
You claw the rime drake!
The rime drake glows dangerously bright.
The rime drake is heavily wounded.
The rime drake breathes ice at you. The icy flash freeze hits you!!
Ouch! That really hurt!
You die...
Your body crumbles into a pile of gold.

...............#,*,,,,,,,,,,,,,,,
................,.......,,,,,,,,,
..............>.,.......,,<,,,,,,
............###.,.......,,,,,,,,,
..........##.###*.......,,,,,,,,,
#######....#...#*.......*,***,,,,
.######...##...##.....#*,*,**,,,,
##...#....##....+.....##,,,,,,,,,
.....##...P....#B......#,,,>,,,,,
.....##....P...##k......,,,,,,,,,
....+.'...#....#,....$#.,,,,**,,,
###+###....P...#*.......,,,,**,,,
#..###...+....#,.....##,***,,,,,
###.#......##.##*.....#*****,*,,,
..........###.#**......^,,,,,,,,,
...............,,.......,,,,,,,,,
................,,,,,,,,,,,,,,,,,


You could see a rime drake (heavy contam, catching breath).

Vanquished Creatures
  A fire dragon (D:10)
  A two-headed ogre (D:10)
  A boulder beetle (Lair:1)
  A cane toad (Lair:2)
  A gargoyle (D:10)
  A komodo dragon (D:10)
  A rime drake (Lair:2)
  Grinder (D:6)
  A polar bear (Lair:1)
  Prince Ribbit (D:5)
  11 blink frogs
  A shadow (D:7)
  A wyvern (D:8)
  24 yaks
  A basilisk (Lair:1)
  An acid dragon (D:7)
  6 water moccasins
  Duvessa (D:4)
  2 orc warriors
  4 black bears
  An ice beast (D:6)
  3 ogres
  13 wolves
  A centaur (D:7)
  7 bullfrogs
  2 kobold brigands
  2 scorpions
  4 wights (D:9)
  Dowan (D:4)
  3 killer bees (D:7)
  5 howler monkeys
  2 vampire bats (D:5)
  A crimson imp (D:6)
  A hound (D:4)
  4 orc priests
  2 jellies
  A sleepcap (D:4)
  2 gnoll boudas
  Natasha (thrice) (D:6)
  6 orc wizards
  11 adders
  16 gnolls
  3 white imps
  3 ufetubi
  A worm (D:4)
  3 dart slugs
  25 orcs
  A bat skeleton (D:5)
  3 bat zombies (D:5)
  3 endoplasms
  3 giant cockroaches
  5 goblins
  8 hobgoblins
  9 jackals
  2 quokkas (D:2)
  11 ball pythons
  7 bats
  A frilled lizard (D:1)
  19 kobolds
  7 rats
267 creatures vanquished.

Notes
Turn   | Place    | Note
-------+----------+-------------------------------------------
     0 | D:1      | avis the Felid Shapeshifter began the quest for the Orb.
     0 | D:1      | Reached XP level 1. HP: 9/9 MP: 2/2
   116 | D:1      | Reached skill level 1 in Stealth
   188 | D:1      | Reached XP level 2. HP: 12/12 MP: 3/3
   752 | D:2      | Reached XP level 3. HP: 16/16 MP: 4/4
   903 | D:2      | Found an ancient bone altar of Kikubaaqudgha.
  1678 | D:2      | Reached XP level 4. HP: 19/21 MP: 5/5
  2120 | D:3      | Reached XP level 5. HP: 24/24 MP: 6/6
  2234 | D:3      | Reached skill level 5 in Dodging
  2286 | D:3      | Found an iron altar of Okawaru.
  2430 | D:3      | Found a sacrificial altar of Ru.
  2434 | D:3      | Reached skill level 4 in Shapeshifting
  2781 | D:4      | Gained mutation: You are covered in thick fur. (AC +2)
                  | [Felid growth]
  2781 | D:4      | Reached XP level 6. HP: 14/28 MP: 7/7
  2919 | D:4      | Reached skill level 5 in Shapeshifting
  3030 | D:4      | Noticed Duvessa
  3050 | D:4      | Killed Duvessa
  3051 | D:4      | Reached skill level 6 in Shapeshifting
  3111 | D:4      | Noticed Natasha
  3116 | D:4      | Found a stormy altar of Qazlal.
  3230 | D:4      | Noticed Dowan
  3370 | D:4      | Killed Dowan
  3371 | D:4      | Reached XP level 7. HP: 20/31 MP: 8/8
  3518 | D:4      | Reached skill level 7 in Shapeshifting
  4073 | D:5      | Entered Level 5 of the Dungeon
  4190 | D:5      | Noticed Prince Ribbit
  4226 | D:5      | Found a sparkling altar of Nemelex Xobeh.
  4391 | D:5      | Reached skill level 5 in Unarmed Combat
  4517 | D:5      | Found a shimmering altar of Xom.
  4747 | D:5      | Found an ancient bone altar of Kikubaaqudgha.
  4760 | D:5      | Reached XP level 8. HP: 31/34 MP: 9/9
  4958 | D:5      | Killed Prince Ribbit
  4959 | D:5      | Reached skill level 5 in Stealth
  5013 | D:5      | Upgraded the game from 0.31-a0-672-g7da72447bb to
                  | 0.31-a0-675-g238779eb0a
  5236 | D:6      | Reached skill level 5 in Fighting
  5246 | D:6      | Noticed Grinder
  5260 | D:6      | Killed Grinder
  5367 | D:6      | Reached skill level 8 in Shapeshifting
  5405 | D:6      | Killed Natasha
  5450 | D:6      | Noticed Natasha
  5456 | D:6      | Killed Natasha
  5586 | D:6      | Noticed Natasha
  5591 | D:6      | Killed Natasha
  5605 | D:6      | Found a hazy altar of Hepliaklqana.
  5810 | D:6      | Reached XP level 9. HP: 33/40 MP: 10/10
  5984 | D:6      | Found a radiant altar of Vehumet.
  5985 | D:6      | Found a burning altar of Makhleb.
  6006 | D:6      | Found Obaschuj's Book Boutique.
  6210 | D:7      | Found an opulent altar of Gozag.
  6217 | D:7      | Became a worshipper of Gozag Ym Sagoz the Greedy
  6230 | D:7      | Found a snail-covered altar of Cheibriados.
  6323 | D:7      | Reached skill level 9 in Shapeshifting
  6706 | D:7      | Killed from afar by an acid dragon
  6877 | D:7      | Reached skill level 10 in Shapeshifting
  6900 | D:7      | Killed from afar by an acid dragon
  6937 | D:7      | Found a staircase to the Ecumenical Temple.
  7312 | D:7      | Found Quasakhle's CLEARANCE SALE!.
  7320 | D:7      | Bought 2 potions of lignification for 12 gold pieces
  7320 | D:7      | Bought a wand of roots (7) for 33 gold pieces
  7320 | D:7      | Bought a scroll of revelation for 15 gold pieces
  7320 | D:7      | Bought a +6 ring of strength for 72 gold pieces
  7320 | D:7      | Bought a sack of spiders for 80 gold pieces
  7515 | Temple   | Entered the Ecumenical Temple
  7758 | D:8      | Found a transporter.
  7763 | D:8      | Noticed a kobold demonologist
  7784 | D:8      | Found a transporter.
  7871 | D:8      | Reached skill level 10 in Dodging
  7871 | D:8      | Reached XP level 10. HP: 44/44 MP: 11/11
  8096 | D:8      | Found a broken altar of Ashenzari.
  8159 | D:8      | Reached skill level 1 in Evocations
  8635 | D:8      | Found an ornate altar of the Wu Jian Council.
  9182 | D:9      | Reached skill level 11 in Shapeshifting
 10076 | D:10     | Entered Level 10 of the Dungeon
 10091 | D:10     | Reached skill level 12 in Shapeshifting
 10157 | D:10     | Noticed a two-headed ogre
 10447 | D:10     | Found a staircase to the Lair.
 10495 | D:10     | Killed a two-headed ogre
 10646 | D:10     | Noticed a fire dragon
 10659 | D:10     | Killed a fire dragon
 10660 | D:10     | Reached XP level 11. HP: 8/47 MP: 12/12
 11330 | Lair:1   | Entered Level 1 of the Lair of Beasts
 11448 | Lair:1   | Noticed a boulder beetle
 11469 | Lair:1   | Killed a boulder beetle
 11856 | Lair:1   | Reached skill level 10 in Unarmed Combat
 12632 | Lair:2   | Found a hole to the Spider Nest.
 12784 | Lair:2   | Found a gate leading to a gauntlet.
 12793 | Gauntlet | Entered a Gauntlet
 12793 | Gauntlet | Found a transporter.
 12793 | Gauntlet | Found a transporter.
 12800 | Gauntlet | Found a runed translucent door.
 12801 | Gauntlet | Found a transporter.
 12803 | Gauntlet | Found a transporter.
 12819 | Gauntlet | Found a transporter.
 12828 | Gauntlet | Found a transporter.
 12832 | Gauntlet | Found a transporter.
 12837 | Gauntlet | Noticed a tengu warrior
 12841 | Gauntlet | Found a transporter.
 12854 | Gauntlet | Noticed a balrug
 12858 | Gauntlet | Found a transporter.
 12872 | Gauntlet | Found a transporter.
 12876 | Gauntlet | Found a transporter.
 12881 | Gauntlet | Noticed an oklob plant
 12885 | Gauntlet | Found a transporter.
 12986 | Gauntlet | Mangled by a hornet
 13151 | Lair:2   | Slain by a blink frog
 13388 | Lair:2   | Reached skill level 13 in Shapeshifting
 13574 | Lair:2   | Killed from afar by a rime drake

Illustrated notes

Levels and vault maps discovered:
D:1:      scummos_arrival_gate, layout_loops_ring
D:2:      layout_loops_ring, basic_altar
D:3:      layout_rooms, mainiacjoe_overflow_chevrons,
          nicolae_ru_great_annihilating_truth, grunt_decor_cap
D:4:      layout_basic, grunt_qazlal_sundering, uniq_natasha, uniq_duvessa
D:5:      layout_loops_cross, mainiacjoe_overflow_cross_hatched,
          nemelex_spade_bored_becter, kennysheep_vampire_church,
          uniq_prince_ribbit1
D:6:      layout_basic, grunt_temple_overflow_lords_of_destruction,
          mainiacjoe_overflow_24_doors, serial_shops, shop,
          minmay_stone_trees_small, uniq_grinder
D:7:      layout_loops_ring, mainiacjoe_overflow_big_doors,
          minmay_temple_entry_large_hall, chequers_serial_rivers_room_a,
          nicolae_shop_clearance
D:8:      gammafunk_wand_slinger, layout_loops_corners,
          pdpol_wu_jian_five_deadly_venoms, evilmike_ruin_ashenzari
D:9:      layout_gridville, minmay_misc_feat_chi
D:10:     layout_gridville
Temple:   nicolae_temple_cloud_nine
Lair:1:   layout_loops_ring
Lair:2:   minmay_lair_oklob_tunnel, layout_regular_city,
          spider_nest_entry_web_field, gauntlet_entry_generic,
          beast_lair_carwin_2

Skill      XL: |  1  2  3  4  5  6  7  8  9 10 11 |
---------------+----------------------------------+-----
Stealth        | 1 2 3 4 5 7 8 |  8.0
Dodging        | 3 4 5 6 10 | 10.0
Fighting       | 2 3 5 |  5.0
Shapeshifting  | 4 6 7 8 10 12 13 | 13.2
Unarmed Combat | 5 7 10 | 10.0
Evocations     | 2 4 |  4.0

Action                     |  1- 3 |  4- 6 |  7- 9 | 10-12 || total
---------------------------+-------+-------+-------+-------++-------
  Melee: Unarmed           |    83 |   123 |   352 |   477 ||  1035
         Bite              |     7 |    11 |    44 |    74 ||   136
         Punch             |     2 |     2 |     3 |       ||     7
  Evoke: Wand              |       |       |     4 |    11 ||    15
    Use: Potion            |       |     1 |    12 |     7 ||    20
         Scroll            |       |       |     7 |    10 ||    17
   Stab: Sleeping          |     4 |     5 |     4 |     1 ||    14
         Invisible         |       |       |       |     4 ||     4
         Distracted        |       |       |       |     2 ||     2
 Armour: Skin              |    18 |    36 |   112 |   128 ||   294
  Dodge: Dodged            |    47 |    96 |   308 |   486 ||   937
   Form: Flux              |       |       |     1 |       ||     1

Table legend: (Time is in decaauts)
 A = Elapsed time spent in this place.
 B = Non-inter-level travel time spent in this place.
 C = Inter-level travel time spent in this place.
 D = Time resting spent in this place.
 E = Time spent auto-exploring this place.
 F = Levels seen in this place.
 G = Mean time per level.
                   A        B        C        D        E       F      G
               +--------+--------+--------+--------+--------+-----+--------+
         Total |  11667 |  10795 |    872 |   2583 |   4756 |  14 |  833.4 |
       Dungeon |   9713 |   8875 |    838 |   2036 |   4043 |  10 |  971.3 |
        Temple |      2 |      2 |      0 |      0 |      0 |   1 |    2.0 |
          Lair |   1790 |   1757 |     33 |    547 |    636 |   2 |  895.0 |
      Gauntlet |    160 |    160 |      0 |      0 |     76 |   1 |  160.0 |
               +--------+--------+--------+--------+--------+-----+--------+

Top non-repeatable levels by time:
     D:4: 1254 daAuts
  Lair:1: 1252 daAuts
     D:8: 1230 daAuts
     D:7: 1225 daAuts
    D:10: 1025 daAuts
     D:2: 1016 daAuts
     D:9: 982 daAuts
     D:6: 890 daAuts
     D:5: 834 daAuts
     D:1: 726 daAuts
  Lair:2: 538 daAuts
     D:3: 529 daAuts
Gauntlet: 160 daAuts
  Temple: 2 daAuts
